 Dungeon Crawl Stone Soup version 0.25.1-2-g60ff931df9 (webtiles) character file.

Game seed: 16924303193160284967

265 Ayoxin the Magician (level 5, 0/36 HPs)
             Began as a Mummy Necromancer on July 30, 2020.
             Slain by an orc wizard
             ... wielding a +0 dagger
              (2 damage)
             ... on level 4 of the Dungeon.
             The game lasted 00:29:16 (2776 turns).

Ayoxin the Magician (Mummy Necromancer)             Turns: 2776, Time: 00:29:17

Health: 0/36       AC:  2    Str: 12    XL:     5   Next: 99%
Magic:  2/13       EV: 12    Int: 15    God:
Gold:   142        SH:  0    Dex: 12    Spells: 10/15 levels left

rFire    x . .     SeeInvis .   b - +2 hand axe
rCold    + . .     Gourm    .   (no shield)
rNeg     + + +     Faith    .   a - +0 robe
rPois    ∞         Spirit   .   (no helmet)
rElec    .         Reflect  .   d - scarf {repulsion}
rCorr    +         Harm     .   (no gloves)
MR       .....                  (no boots)
Stlth    ++........             (no amulet)
HPRegen  0.12/turn              c - ring of resist corrosion
MPRegen  0.13/turn              (no ring)

@: very slightly contaminated, repel missiles
A: no food or potions, fire vulnerability, cold resistance 1, negative energy
resistance 3, torment resistance, unbreathing
a: no special abilities


You were on level 4 of the Dungeon.
You were not hungry.

You visited 1 branch of the dungeon, and saw 4 of its levels.

You collected 142 gold pieces.

Inventory:

Hand Weapons
 b - a +2 hand axe (weapon)
Armour
 a - a +0 robe (worn)
 d - a scarf of repulsion (worn)
Jewellery
 c - a ring of resist corrosion (left hand)
Wands
 f - a wand of paralysis (9)
Scrolls
 e - 2 scrolls of identify


   Skills:
 + Level 0.4 Fighting
 + Level 0.1 Axes
 + Level 1.6 Dodging
 + Level 1.8 Stealth
 + Level 5.8 Spellcasting
 + Level 5.6 Necromancy


You had 10 spell levels left.
You knew the following spells:

 Your Spells              Type           Power        Failure   Level  Hunger
a - Pain                  Necr           ###.         1%          1    N/A
b - Animate Skeleton      Necr           N/A          1%          1    N/A
c - Vampiric Draining     Necr           ###.......   4%          3    N/A

Your spell library contained the following spells:

 Spells                   Type           Power        Failure   Level  Hunger
 Corona                   Hex            #......      16%         1    N/A
 Animate Dead             Necr           N/A          16%         4    N/A
 Ensorcelled Hibernation  Hex/Ice        #.....       22%         2    N/A
 Agony                    Necr           ###.....     38%         5    N/A
 Confusing Touch          Hex            #.......     41%         3    N/A
 Dazzling Flash           Conj/Hex       #.....       41%         3    N/A
 Gell's Gravitas          Tloc           #.........   41%         3    N/A
 Tukima's Dance           Hex            #.......     41%         3    N/A
 Petrify                  Tmut/Erth      #.......     83%         4    N/A
 Metabolic Englaciation   Hex/Ice        #.........   99%         5    N/A
 Yara's Violent Unravell  Hex/Tmut       #.........   99%         5    N/A

Dungeon Overview and Level Annotations

Branches:
Dungeon (4/15)
 Temple: D:4-7

Altars:
Makhleb
Nemelex Xobeh
Trog
Uskayaw


Innate Abilities, Weirdness & Mutations

You do not eat or drink.
Your flesh is vulnerable to fire.
You are immune to poison.
Your flesh is cold resistant. (rC+)
You are immune to negative energy. (rN+++)
You are immune to unholy pain and torment.
You can survive without breathing.


Message History

Casting: Vampiric Draining (dangerous; 4% risk of failure)
Confirm with . or Enter, or press ? or * to list all spells.
You can't see any susceptible monsters within range! (Use Z to cast anyway.)
Casting: Vampiric Draining (dangerous; 4% risk of failure)
Confirm with . or Enter, or press ? or * to list all spells.
You don't know that spell.
Unknown command.
You closely miss something. Something hits you.
You hit something. Something hits you.
You hear some strange, mumbled words.
A puff of flame appears from out of thin air!
The puff of flame hits you! The fire burns you terribly!
* * * LOW HITPOINT WARNING * * *
You hit something. Something hits you.
* * * LOW HITPOINT WARNING * * *
Something barely misses you.
You hit something. Something hits you.
* * * LOW HITPOINT WARNING * * *
Something hits you.
You die...

#.......#
#.......# ##...
#.......####.....
##..†............
#...........)..
#...)##.....)#
#....##......#
#..........){#
####........@#
#.........#
####[..#######
#..........#
##..........#
#...........#
#...........#
#...........#
##..........##


There were no monsters in sight!

Vanquished Creatures
  An ogre (D:4)
  A centaur (D:3)
  A worker ant zombie (D:2)
  2 adders (D:2)
  A dart slug (D:2)
  5 leopard geckos
  4 orcs (D:4)
  3 ball pythons
  8 bats
  4 giant cockroaches
  5 goblins
  7 hobgoblins
  4 jackals (D:2)
  4 frilled lizards
  5 kobolds
  7 rats
62 creatures vanquished.

Notes
Turn   | Place    | Note
-------+----------+-------------------------------------------
     0 | D:1      | Ayoxin the Mummy Necromancer began the quest for the Orb.
     0 | D:1      | Reached XP level 1. HP: 13/13 MP: 4/4
   229 | D:1      | Reached XP level 2. HP: 19/19 MP: 3/6
   714 | D:2      | Found a bloodstained altar of Trog.
   765 | D:2      | Reached XP level 3. HP: 24/24 MP: 5/8
   816 | D:2      | Found a hide-covered altar of Uskayaw.
  1152 | D:2      | Found a burning altar of Makhleb.
  1152 | D:2      | Noticed a cacodemon
  1157 | D:2      | Noticed a neqoxec
  1157 | D:2      | Noticed a ynoxinul
  1212 | D:2      | Learned a level 1 spell: Animate Skeleton
  1216 | D:2      | Learned a level 3 spell: Vampiric Draining
  1576 | D:2      | Reached XP level 4. HP: 30/30 MP: 8/10
  2379 | D:3      | Noticed a centaur
  2387 | D:3      | Killed a centaur
  2387 | D:3      | Reached skill level 5 in Spellcasting
  2387 | D:3      | Reached skill level 5 in Necromancy
  2387 | D:3      | Reached XP level 5. HP: 27/35 MP: 4/12
  2554 | D:4      | Noticed an ogre
  2573 | D:4      | Killed an ogre
  2730 | D:4      | Found a sparkling altar of Nemelex Xobeh.
  2776 | D:4      | Slain by an orc wizard

Illustrated notes

Levels and vault maps discovered:
D:1:      minmay_arrival_diagonal_passages, layout_loops_ring
D:2:      layout_basic, eat_drink_and_be_merry_uskayaw,
          makhleb_altar_promises_db, nicolae_overflow_crystal_walls
D:3:      layout_loops_cross
D:4:      layout_basic, lemuel_coloured_pillars_altar,
          kennysheep_decorative_pillar, roderic_serpentine_path,
          grunt_ministairs_6, nemelex_xobeh_ov_fountains_minmay

Skill      XL: |  1  2  3  4 |
---------------+-------------+-----
Spellcasting   | 3 4 5 |  5.8
Necromancy     | 5 |  5.6
Fighting       | |  0.4
Axes           | |  0.1
Dodging        | |  1.6
Stealth        | |  1.8

Action                   |  1- 3 |  4- 6 || total
-------------------------+-------+-------++-------
Melee: Hand axe          |    17 |     6 ||    23
 Cast: Pain              |    61 |    61 ||   122
       Vampiric Draining |       |     2 ||     2
  Use: Scroll            |     5 |     3 ||     8
 Stab: Sleeping          |     1 |       ||     1
Armor: Robe              |     9 |       ||     9
Dodge: Dodged            |    27 |    17 ||    44
       Repelled          |       |     3 ||     3
